Map: Port Aleksander LE

Players

Kilinor - Winner!

  • Race: Terran Terran
  • League: Gold
  • Spawn Location: 5:00

Mesrob

  • Race: Terran Terran
  • League: Gold
  • Spawn Location: 11:00

VOD

Have the link to the VOD?

Description

Time

  • Played on: Jan. 15, 2019, 3:33 p.m.
  • Length: 12:49
Show
View Real Time Build Order
Export as new Build Order

Kilinor Terran - Winner!

Build Orders:  

Get SALT Encoding   

  12  0:02  SCV  
  13  0:14  SCV  
  13  0:19  Supply Depot  
  14  0:26  SCV  
  15  0:42  Barracks  
  15  0:45  SCV  
  15  0:48  Refinery  
  16  0:57  SCV  
  16  1:01  Refinery  
  17  1:09  SCV  
  18  1:21  SCV  
  19  1:30  Supply Depot  
  19  1:40  Barracks Reactor  
  19  1:41  Barracks  
  19  1:42  SCV  
  20  1:54  SCV  
  21  2:06  Factory  
  21  2:19  Marine x2  
  23  2:28  Orbital Command  
  23  2:37  Barracks Tech Lab  
  22  2:53  Starport  
  22  2:55  Factory Tech Lab  
  22  2:59  Marauder  
  22  3:04  Marine x2  
  26  3:18  Supply Depot, Siege Tank  
  32  3:46  Stimpack  
  29  4:12  Starport Reactor  
  29  4:17  Marine x2  
  29  4:20  Marauder  
  29  4:22  Siege Tank  
  36  4:36  Command Center  
  36  4:53  Marine x2  
  38  5:11  Supply Depot  
  38  5:12  Supply Depot  
  38  5:33  Marauder, Medivac x2  
  44  5:41  Refinery  
  44  5:55  Marauder  
  46  5:57  Orbital Command  
  46  6:02  SCV  
  46  6:03  Medivac x2  
  51  6:14  SCV  
  52  6:30  Marine x2  
  52  6:32  Marauder  
  56  6:33  Siege Tank  
  56  6:39  SCV x2  
  61  7:14  Marine x2  
  61  7:15  Marine  
  64  7:16  Siege Tank  
  64  7:18  Medivac  
  69  7:48  Marauder  
  69  7:56  Liberator  
  62  8:06  Supply Depot x2  
  62  8:09  Marauder, Supply Depot  
  67  8:22  Engineering Bay  
  67  8:31  Marauder  
  69  8:52  Marauder  
  71  9:00  Command Center  
  71  9:13  Marauder, Terran Infantry Weapons Level 1  
  73  9:21  Sensor Tower  
  73  9:27  Siege Tank  
  76  9:35  Marauder  
  78  9:56  Marauder  
  80  10:12  Liberator  
  80  10:18  Marauder  
  82  10:26  Marine  
  82  10:27  Marine  
  77  10:39  Marauder  
  78  10:44  Marine x2  
  78  10:45  Liberator  
  70  10:55  Liberator  
  66  11:00  Marauder  
  66  11:02  Marine x2  
  76  11:20  Marine x2  
  76  11:22  Marauder  
  80  11:29  Refinery  
  80  11:33  SCV x3  
  80  11:38  Marine, Siege Tank  
  87  11:43  Marauder  
  87  11:45  SCV  
  90  12:04  Marauder  
  92  12:10  Siege Tank  
  73  12:28  Marine x3  
Show
View Real Time Build Order
Export as new Build Order

Mesrob Terran 

Build Orders: Mech 

Get SALT Encoding   

  12  0:01  SCV  
  13  0:13  SCV  
  14  0:23  Supply Depot  
  14  0:25  SCV  
  15  0:44  SCV  
  15  0:47  Barracks  
  16  0:51  Refinery  
  16  0:57  SCV  
  17  1:09  SCV  
  18  1:21  SCV  
  19  1:35  Orbital Command  
  19  1:42  Command Center  
  19  1:43  Marine  
  20  1:57  Bunker  
  20  2:03  SCV  
  21  2:14  Factory  
  21  2:15  SCV  
  21  2:21  Barracks Tech Lab  
  22  2:27  SCV  
  22  2:29  Refinery  
  23  2:43  Supply Depot  
  23  2:57  SCV  
  24  3:02  Orbital Command, Engineering Bay  
  24  3:09  SCV  
  25  3:15  Siege Tank  
  28  3:21  SCV  
  29  3:28  SCV  
  29  3:30  Armory  
  29  3:33  SCV  
  31  3:40  SCV  
  32  3:45  Missile Turret  
  32  3:52  Siege Tank, SCV  
  36  4:02  SCV  
  37  4:04  SCV  
  37  4:09  Refinery  
  38  4:14  SCV  
  38  4:15  Missile Turret  
  39  4:18  Missile Turret  
  39  4:24  Siege Tank  
  42  4:31  Factory  
  42  4:38  Factory  
  42  4:41  Missile Turret  
  42  4:52  SCV  
  43  4:54  SCV  
  44  5:04  SCV  
  44  5:06  SCV  
  46  5:20  Factory Reactor  
  46  5:25  Missile Turret  
  46  5:27  Supply Depot  
  46  5:32  Supply Depot  
  46  5:44  Supply Depot  
  46  5:49  Siege Tank, SCV  
  50  5:51  Supply Depot  
  50  5:52  Sensor Tower  
  50  5:54  Supply Depot  
  50  5:57  Factory Tech Lab  
  50  5:59  Hellbat x2  
  54  6:05  Factory  
  54  6:09  Armory  
  54  6:14  Supply Depot  
  54  6:16  Supply Depot  
  54  6:19  Thor  
  54  6:22  Sensor Tower  
  60  6:31  Marine  
  61  6:37  Supply Depot  
  61  6:41  Hellbat, Command Center, Missile Turret  
  61  6:42  Hellbat  
  65  6:51  Factory  
  65  6:56  SCV  
  65  7:00  Refinery  
  65  7:01  Factory  
  66  7:08  Factory Reactor, SCV  
  67  7:11  Hellbat  
  69  7:32  Missile Turret  
  67  7:45  SCV x2  
  69  7:57  SCV  
  70  8:04  Missile Turret  
  70  8:26  Missile Turret  
  70  8:28  Terran Vehicle Weapons Level 1  
  70  8:30  Terran Vehicle And Ship Armor Level 1  
  70  8:31  Missile Turret  
  70  8:33  Missile Turret  
  70  8:37  Factory Tech Lab, Factory Reactor  
  70  8:38  Thor  
  70  8:39  Thor  
  70  8:40  Hellbat x3  
  70  8:41  Hellbat  
  90  8:48  Factory  
  90  8:51  Missile Turret  
  90  8:54  Missile Turret  
  90  8:56  Supply Depot  
  90  9:12  Planetary Fortress  
  90  9:15  Missile Turret  
  90  9:17  Hellbat  
  90  9:20  Supply Depot  
  92  9:34  Factory  
  92  9:38  Factory Tech Lab, Thor  
  92  9:44  Supply Depot  
  98  9:50  Refinery  
  98  9:52  SCV  
  99  9:53  Refinery  
  97  10:04  SCV  
  97  10:07  Supply Depot  
  80  10:22  Thor x3  
  80  10:42  Supply Depot  
  68  10:56  Thor  
  68  10:57  Hellbat x3  
  68  10:58  Hellbat x3  
  77  11:22  Factory Tech Lab  
  77  11:26  Factory  
  77  11:33  Thor x2  
  77  11:36  Hellbat x2  
  77  11:37  Hellbat x2  
  97  11:51  Missile Turret  
  97  11:53  Missile Turret  
  79  12:17  Hellbat  
  79  12:18  Hellbat  
Tags
 
Composition
Mech
League
GoldGold
Matchup
TvT
Race
Terran
Replay Pack
sc2 replays
Spawn Locations
Cross Positions
Add a new tag
Caveats
  • Supply blocks, unpowered buildings, or Contaminate may cause inaccurate times.
  • Supply counts are checked every 10 seconds.